 Dungeon Crawl Stone Soup version 0.16-a0-3493-gd9d85f0 (webtiles) character file.

2235 Charly the Thaumaturge (level 9, 9/45 HPs)
             Began as a Deep Elf Wizard on Jan 4, 2015.
             Was a Believer of Sif Muna.
             Quit the game on level 10 of the Dungeon.
             The game lasted 01:03:07 (3310 turns).

Charly the Thaumaturge (Deep Elf Wizard)            Turns: 3310, Time: 01:03:08

Health: 9/45       AC:  0    Str:  4    XL:     9   Next: 14%
Magic:  9/30       EV: 12    Int: 27    God:    Sif Muna [**....]
Gold:   287        SH:  0    Dex: 13    Spells: 6 memorised, 16 levels left

rFire  . . .     SeeInvis .     j - +2 blowgun
rCold  . . .     Clarity  .     c - -2 robe (curse)
rNeg   . . .     SustAb   .     (no shield)
rPois  .         Gourm    .     b - +0 hat
rElec  .         Spirit   .     (no cloak)
rCorr  .         Warding  .     (no gloves)
rMut   .         Stasis   .     (no boots)
MR     .....                    (no amulet)
Stlth  ++........               (no ring)
                                (no ring)

@: not resistant to hostile enchantments, unstealthy
A: no striking features
a: Channel Energy, Forget Spell, Renounce Religion


You were on level 10 of the Dungeon.
You worshipped Sif Muna.
Sif Muna was pleased with you.
You were hungry.

You visited 2 branches of the dungeon, and saw 11 of its levels.
You also visited: Sewer.

You collected 287 gold pieces.

Inventory:

Hand weapons
 j - a +2 blowgun (weapon)
Armour
 b - a +0 hat (worn)
 c - a cursed -2 robe (worn)
Magical devices
 y - a wand of confusion (0)
Scrolls
 e - a scroll of remove curse
 l - a scroll of fear {unknown}
 n - 2 scrolls of amnesia {unknown}
 o - a scroll of noise {unknown}
 s - a scroll of teleportation
 x - 2 scrolls of recharging
Potions
 a - a potion of mutation
 g - 5 potions of restore abilities
 k - a potion of brilliance
 m - 2 potions of curing
 r - 2 potions of berserk rage
 t - a potion of invisibility {unknown}
 u - 2 potions of might
 v - a potion of magic {unknown}
 z - a potion of flight {unknown}
 A - a potion of haste {unknown}
Books
 C - a book of Flames

   Spells                             Type                      Level
   a - Flame Tongue                   Conjuration/Fire             1
   b - Throw Flame                    Conjuration/Fire             2
   c - Conjure Flame                  Conjuration/Fire             3
   d - Inner Flame                    Hexes/Fire                   3
   e - Sticky Flame                   Conjuration/Fire             4
   f - Fireball                       Conjuration/Fire             5
Comestibles
 d - 3 bread rations
 f - a meat ration
 i - 10 slices of pizza
 w - a beef jerky


   Skills:
 - Level 2.4 Dodging
 - Level 2.4 Stealth
 + Level 10.8 Spellcasting
 - Level 2.0 Conjurations
 + Level 7.9 Summonings
 - Level 1.1 Translocations
 + Level 6.2 Invocations


You had 16 spell levels left.
You knew the following spells:

 Your Spells              Type           Power        Failure   Level  Hunger
b - Blink                 Tloc           N/A          4%          2    None
c - Conjure Flame         Conj/Fire      ###.....     10%         3    None
d - Magic Dart            Conj           ####         1%          1    None
i - Call Imp              Summ           ######..     1%          2    None
m - Mephitic Cloud        Conj/Pois/Air  ###.....     12%         3    None
r - Repel Missiles        Chrm/Air       ##....       8%          2    None


Dungeon Overview and Level Annotations

Branches:
Dungeon (10/15)            Temple (1/1) D:5             Orc (0/4) D:10
   Lair: D:8-11

Altars:
Ashenzari
Elyvilon
Fedhas
Gozag
Nemelex Xobeh
Okawaru
Sif Muna
Vehumet
Zin

Shops:
D:10 [

Annotations:
D:10 Pikaro's ghost, experienced SpEn


Message History

The hippogriff barely misses your crimson imp.
Pikaro's ghost misses your crimson imp.
Your crimson imp blinks!
The centaur skeleton hits you.
* * * LOW HITPOINT WARNING * * *
The worker ant zombie closely misses you.
Your crimson imp blinks!
Casting: Magic Dart
Confirm with . or Enter, or press ? or * to list all spells.
You don't know that spell.
Casting: Magic Dart
Confirm with . or Enter, or press ? or * to list all spells.
You blink.
Your crimson imp hits the hippogriff.
Casting: Blink
Confirm with . or Enter, or press ? or * to list all spells.
You blink.
Casting: Blink
Confirm with . or Enter, or press ? or * to list all spells.
Okay, then.
Are you sure you want to abandon this character and quit the game? (Confirm with "yes".)

#....# #......# #....<
#....# #......# #####. .
###....###.Z....# #. ...
#..........Z5...### ## ....
###..........hH...'.#
.....#...........W.....#.#
........................#.#
...!....................# #
................@.#######
.....##.##'#####....# ....
#.##.# #....# ##. #.##.#
#....# # #.##.# #....#
.....# #....# #.# #....#
#.# #.... .


You could see a hippogriff, a black bear, Pikaro's ghost, a worker ant zombie, a
centaur skeleton and a friendly crimson imp.

Vanquished Creatures
  3 yaks (D:10)
  A hippogriff (D:9)
  An ogre (D:9)
  A phantom (D:9)
  A sky beast (D:8)
  An orc warrior (D:8)
  A gnoll sergeant (D:6)
  A scorpion (D:4)
  A wight (D:9)
  2 crimson imps
  A giant frog zombie (D:8)
  A giant frog skeleton (D:10)
  2 orc priests (D:8)
  2 hounds
  3 worker ants
  An orc wizard (D:4)
  A worker ant zombie (D:5)
  5 gnolls
  An adder (D:10)
  2 river rats (Sewer)
  A giant mite (D:6)
  A white imp (D:9)
  2 giant geckos
  An ooze (D:1)
  3 orcs (D:10)
  9 bats
  2 giant cockroaches (D:4)
  5 hobgoblins
  3 kobolds
  5 goblins
  11 rats
75 creatures vanquished.

Vanquished Creatures (collateral kills)
  A troll (D:9)
  A hungry ghost (D:9)
  2 orc warriors
  A black bear (D:9)
  4 ogres
  A giant frog (D:9)
  A big kobold (Sewer)
  A gnoll sergeant (D:8)
  3 wights (D:9)
  A crimson imp (D:8)
  A giant frog skeleton (D:8)
  2 jellies
  2 centaur skeletons
  An orc wizard (D:8)
  An iron imp (D:6)
  A worker ant zombie (D:7)
  3 adders
  12 gnolls
  2 shadow imps
  12 orcs
  2 giant cockroaches (D:3)
  3 goblins
  4 hobgoblins
  7 kobolds
  4 jackals
  A jackal zombie (D:7)
74 creatures vanquished.

Vanquished Creatures (others)
  23 crimson imps
  An iron imp (D:8)
  11 shadow imps
  16 white imps
51 creatures vanquished.

Grand Total: 200 creatures vanquished

Notes
Turn   | Place    | Note
--------------------------------------------------------------
     0 | D:1      | Charly, the Deep Elf Wizard, began the quest for the Orb.
     0 | D:1      | Reached XP level 1. HP: 10/10 MP: 6/6
   151 | D:1      | Reached skill level 5 in Spellcasting
   176 | D:1      | Reached XP level 2. HP: 15/15 MP: 0/11
   180 | D:1      | Learned a level 2 spell: Call Imp
   442 | D:3      | Learned a level 2 spell: Blink
   445 | D:3      | Learned a level 2 spell: Repel Missiles
   467 | D:3      | Found a glowing drain.
   481 | D:3      | Reached XP level 3. HP: 15/19 MP: 2/14
   501 | Sewer    | Entered a sewer
   530 | Sewer    | Reached skill level 6 in Spellcasting
   579 | Sewer    | Noticed a big kobold
   601 | Sewer    | Killed a big kobold
   601 | Sewer    | Reached XP level 4. HP: 13/24 MP: 3/18
   634 | Sewer    | Learned a level 3 spell: Mephitic Cloud
   643 | Sewer    | Found a white marble altar of Elyvilon.
   722 | D:4      | Reached XP level 5. HP: 21/28 MP: 16/21
   748 | D:4      | Noticed an orc warrior
   757 | D:4      | Killed an orc warrior
   757 | D:4      | Reached skill level 7 in Spellcasting
   836 | D:4      | Reached XP level 6. HP: 13/32 MP: 21/23
   951 | D:4      | Noticed an ogre
   956 | D:4      | Killed an ogre
  1147 | D:5      | Entered Level 5 of the Dungeon
  1170 | D:5      | Found a staircase to the Ecumenical Temple.
  1182 | Temple   | Entered the Ecumenical Temple
  1202 | Temple   | Became a worshipper of Sif Muna the Loreminder
  1220 | D:5      | Reached skill level 8 in Spellcasting
  1237 | D:5      | Reached skill level 5 in Summonings
  1335 | D:6      | Reached skill level 1 in Invocations
  1350 | D:6      | Reached XP level 7. HP: 30/36 MP: 7/26
  1673 | D:8      | Found an opulent altar of Gozag.
  1871 | D:8      | Found a shattered altar of Ashenzari.
  1884 | D:8      | Found a glowing silver altar of Zin.
  1884 | D:8      | Found a radiant altar of Vehumet.
  2001 | D:8      | Reached skill level 9 in Spellcasting
  2147 | D:8      | Acquired Sif Muna's first power
  2180 | D:8      | Reached XP level 8. HP: 28/41 MP: 4/28
  2264 | D:9      | Noticed a troll
  2283 | D:9      | Killed a troll
  2621 | D:9      | HP: 2/41 [wight/mace of freezing (1)]
  2770 | D:9      | Learned a level 3 spell: Conjure Flame
  2853 | D:9      | Reached skill level 10 in Spellcasting
  2853 | D:9      | Reached skill level 5 in Invocations
  3098 | D:9      | Acquired Sif Muna's second power
  3107 | D:10     | Entered Level 10 of the Dungeon
  3111 | D:10     | Found Ifaesuj's Armour Shop.
  3131 | D:10     | Found a staircase to the Orcish Mines.
  3142 | D:10     | Reached XP level 9. HP: 30/45 MP: 1/30
  3246 | D:10     | Noticed a centaur skeleton
  3297 | D:10     | Noticed Pikaro's ghost (experienced SpEn)
  3310 | D:10     | Quit the game

Action                   |  1- 3 |  4- 6 |  7- 9 || total
-------------------------+-------+-------+-------++-------
Melee: Unarmed           |    27 |       |     1 ||    28
       Blowgun           |       |       |     1 ||     1
 Fire: Blowgun           |       |    16 |    19 ||    35
 Cast: Magic Dart        |    32 |    61 |    75 ||   168
       Call Imp          |    16 |    16 |   121 ||   153
       Blink             |     1 |     2 |    31 ||    34
       Mephitic Cloud    |       |     1 |    11 ||    12
       Conjure Flame     |       |       |     5 ||     5
Invok: Channel Energy    |       |       |    19 ||    19
Evoke: Wand              |       |       |    10 ||    10
  Use: Scroll            |     4 |     2 |     8 ||    14
       Potion            |     3 |       |     3 ||     6
 Stab: Sleeping          |       |     3 |       ||     3
       Distracted        |       |     1 |       ||     1
  Eat: Royal jelly       |       |     1 |     1 ||     2
       Meat ration       |       |       |     1 ||     1
       Beef jerky        |       |       |     1 ||     1
